 Dungeon Crawl Stone Soup version 0.29.1-2-gbd0b4ee654 (webtiles) character file.

Game seed: 12472377238972168210

55 tevo3000 the Magician (level 4, -1/31 HPs)
             Began as a Djinni Fire Elementalist on Nov 28, 2022.
             Slain by a gnoll
             ... wielding a +0 spear
              (3 damage)
             ... on level 2 of the Dungeon.
             The game lasted 00:10:01 (1651 turns).

tevo3000 the Magician (Djinni Fire Elementalist)    Turns: 1651, Time: 00:10:02

Health: -1/31      AC:  4    Str:  7    XL:     4   Next: 14%
Gold:   19         EV: 13    Int: 16    God:
                   SH:  0    Dex: 16

rFire   + + .      SeeInvis .   (no weapon)
rCold   x . .      Faith    .   (no shield)
rNeg    . . .      Spirit   .   a - +0 robe
rPois   ∞          Reflect  .   (no helmet)
rElec   .          Harm     .   (no cloak)
rCorr   .          Rampage  .   (no gloves)
Will    +....                   (boots unavailable)
Stlth   ++........              (no amulet)
HPRegen 0.10/turn               (no ring)
MPRegen 0.00/turn               (no ring)

@: mighty, flying, very slightly contaminated
A: sickness immunity, fire resistance 2, cold vulnerability 1, float, innate
caster, HP casting, extra vitality 1, iridescent scales 1, strong-willed 1,
passive freeze, subdued magic 1
a: no special abilities


You were on level 2 of the Dungeon.
You visited 1 branch of the dungeon, and saw 2 of its levels.

You collected 19 gold pieces.

Inventory:

Armour
 a - a +0 robe (worn)
Jewellery
 g - a ring of protection from fire
Scrolls
 b - a scroll of immolation {unknown}
 c - 3 scrolls of magic mapping {unknown}
 d - a scroll of noise {unknown}
 i - a scroll of butterflies {unknown}
Potions
 h - a potion of curing {unknown}
 j - a potion of haste {unknown}


   Skills:
 + Level 3.0 Dodging
 + Level 1.9 Stealth
 * Level 3.2 Spellcasting


You couldn't memorise any spells.
You knew the following spells:

 Your Spells              Type           Power      Damage    Failure   Level
a - Foxfire               Conj/Fire      36%        2x1d5     3%          1
b - Scorch                Fire           18%        2d6       6%          2
c - Conjure Flame         Conj/Fire      9%         6-21      12%         3
d - Inner Flame           Hex/Fire       9%         N/A       12%         3
e - Flame Wave            Conj/Fire      9%         2d6       38%         4
f - Sandblast             Erth           18%        2d7       3%          1
Your spell library was empty.

Dungeon Overview and Level Annotations

Branches:
Dungeon (2/15)

Altars:


Innate Abilities, Weirdness & Mutations

You are immune to sickness and miasma.
You are immune to poison.
Your flesh is very heat resistant. (rF++)
You are vulnerable to cold. (rC-)
You float through the air rather than walking.
You learn spells naturally, not from books.
Your magical power is your life essence.
You have superior vitality. (+4 MHP)
You are partially covered in iridescent scales. (AC +2)
You are strong-willed. (Will+)
A frigid envelope surrounds you and freezes all who hurt you.
Your spells are a little easier to cast, but a little less powerful.


Message History

Confirm with . or Enter, or press ? or * to list all spells.
Flames lash the gnoll.
The gnoll is severely wounded.
The gnoll's fire resistance burns away.
Casting: Scorch (safe; 8% risk of failure)
Confirm with . or Enter, or press ? or * to list all spells.
Flames lash the gnoll.
The gnoll is heavily wounded.
The gnoll's fire resistance burns away.
* * * LOW HITPOINT WARNING * * *
Casting: Scorch (safe; 8% risk of failure)
Confirm with . or Enter, or press ? or * to list all spells.
You don't know that spell.
It was a potion of might.
You feel very mighty all of a sudden.
Casting: Scorch (safe; 8% risk of failure)
Confirm with . or Enter, or press ? or * to list all spells.
Flames lash the gnoll.
The gnoll is burned terribly!
You kill the gnoll!
* * * LOW HITPOINT WARNING * * *
Casting: Scorch (safe; 8% risk of failure)
Confirm with . or Enter, or press ? or * to list all spells.
Flames lash the gnoll.
The gnoll is burned terribly!
You kill the gnoll!
* * * LOW HITPOINT WARNING * * *
Your Dodging skill increases to level 3!
You have reached level 4!
You feel agile.
Casting: Scorch (safe; 8% risk of failure)
Confirm with . or Enter, or press ? or * to list all spells.
Flames lash the gnoll.
The gnoll is lightly wounded.
The gnoll's fire resistance burns away.
* * * LOW HITPOINT WARNING * * *
It was a potion of mutation.
You feel extremely strange.
Your connection to magic feels subdued.
You feel strong-willed.
Your skin feels very cold.
Iridescent scales grow over part of your body.
The gnoll hits you from afar with a +0 spear.
You die...

#.# #.# #.# #.#
#.# #.# #.# #.#
#.####.#
#.####......#
#......####.#
######.####.###
#.........@..#
#.##.#####)#.#
#.##.# #g#.#
#.##.# #.#.#
#.##.# #.#.#
#.##.# #.#.#
#.##.# #...#
#######.##.#
#...#
.....##.##.#
#...#


You could see a gnoll (combustible).

Vanquished Creatures
  2 gnolls (D:2)
  An adder (D:2)
  A dart slug (D:1)
  6 ball pythons
  3 endoplasms
  2 giant cockroaches (D:1)
  2 hobgoblins (D:1)
  2 kobolds (D:1)
  A quokka (D:1)
  2 bats (D:1)
  A frilled lizard (D:1)
  3 rats
26 creatures vanquished.

Vanquished Creatures (others)
  17 foxfires (D:1)
17 creatures vanquished.

Grand Total: 43 creatures vanquished

Notes
Turn   | Place    | Note
-------+----------+-------------------------------------------
     0 | D:1      | tevo3000 the Djinni Fire Elementalist began the quest for
                  | the Orb.
     0 | D:1      | tevo3000 set off with the following spells memorised:
                  | Foxfire, Scorch, Conjure Flame, Inner Flame, Flame Wave.
     0 | D:1      | Reached XP level 1. HP: 15/15 MP: 0/0
   106 | D:1      | Reached XP level 2. HP: 13/21 MP: 0/0
   972 | D:1      | Reached XP level 3. HP: 23/25 MP: 0/0
   972 | D:1      | Learned a level 1 spell: Sandblast
  1650 | D:2      | Reached XP level 4. HP: 4/31 MP: 0/0
  1651 | D:2      | Gained mutation: Your spells are a little easier to cast,
                  | but a little less powerful. [potion of mutation]
  1651 | D:2      | Gained mutation: You are strong-willed. (Will+) [potion of
                  | mutation]
  1651 | D:2      | Gained mutation: A frigid envelope surrounds you and
                  | freezes all who hurt you. [potion of mutation]
  1651 | D:2      | Gained mutation: You are partially covered in iridescent
                  | scales. (AC +2) [potion of mutation]
  1651 | D:2      | Slain by a gnoll

Illustrated notes

Levels and vault maps discovered:
D:1:      dpeg_arrival_boxes_within_box, layout_loops_corners
D:2:      layout_loops_ring

Skill      XL: |  1  2  3 |
---------------+----------+-----
Spellcasting   | 3 |  3.2
Dodging        | 3 |  3.0
Stealth        | |  1.9

Action                   |  1- 3 |  4- 6 || total
-------------------------+-------+-------++-------
Melee: Unarmed           |     2 |       ||     2
 Cast: Foxfire           |    11 |       ||    11
       Scorch            |    21 |     1 ||    22
       Sandblast         |     7 |       ||     7
  Use: Potion            |     1 |     1 ||     2
Armor: Robe              |     2 |       ||     2
Dodge: Dodged            |     3 |       ||     3
